 Dungeon Crawl Stone Soup version 0.26-a0-835-g8259106e14 (webtiles) character file.

Game seed: 13301133226506039134

1655 chimba the Carver (level 8, 0/64 HPs)
             Began as a Minotaur Berserker on Nov 17, 2020.
             Was a Priest of Trog.
             Slain by a gnoll
             ... wielding a +0 halberd
              (6 damage)
             ... on level 7 of the Dungeon.
             The game lasted 00:19:17 (5816 turns).

chimba the Carver (Minotaur Berserker)              Turns: 5816, Time: 00:19:17

Health: 0/64       AC: 13    Str: 23    XL:     8   Next: 68%
Magic:  7/7        EV:  7    Int: 10    God:    Trog [***...]
Gold:   428        SH:  0    Dex: 11    Spells: 7/7 levels left

rFire    . . .     SeeInvis .   A - +2 falchion (vamp)
rCold    . . .     Faith    .   (no shield)
rNeg     . . .     Spirit   .   y - +0 plate armour
rPois    .         Reflect  .   (helmet restricted)
rElec    .         Harm     .   (no cloak)
rCorr    .         Rampage  .   v - +1 pair of gloves
MR       ++...                  (no boots)
Stlth    ..........             B - amulet of regeneration
HPRegen  1.60/turn              E - +6 ring of intelligence
MPRegen  0.10/turn              (no ring)

@: berserk cooldown, regenerating (expiring)
A: retaliatory headbutt, horns 2
a: Berserk, Trog's Hand, Renounce Religion


You were on level 7 of the Dungeon.
You worshipped Trog.
Trog was most pleased with you.
You visited 1 branch of the dungeon, and saw 7 of its levels.

You collected 590 gold pieces.
You spent 162 gold pieces at shops.

Inventory:

Hand Weapons
 a - a +0 falchion
 l - a +0 mace
 A - a +2 vampiric falchion (weapon)
 D - a +2 long sword
Missiles
 d - 283 stones (quivered)
Armour
 b - a +0 animal skin
 j - a +0 leather armour
 t - a +0 ring mail
 v - a +1 pair of gloves (worn)
 w - a +0 ring mail
 x - a +0 chain mail
 y - a +0 plate armour (worn)
Jewellery
 B - an amulet of regeneration (around neck)
 E - a +6 ring of intelligence (left hand)
 F - an uncursed amulet of magic regeneration
 H - an uncursed ring of fire
Wands
 u - a wand of polymorph (5)
Scrolls
 c - a scroll of enchant armour
 e - a scroll of fear
 f - 4 scrolls of identify
 h - a scroll of remove curse
 k - a scroll of immolation
 n - 2 scrolls of enchant weapon
 C - a scroll of amnesia
 J - a scroll of magic mapping
Potions
 g - a potion of heal wounds {unknown}
 i - 3 potions of lignification
 m - a potion of curing {unknown}
 o - 2 potions of resistance {unknown}
 p - 2 potions of might
 q - 2 potions of brilliance {unknown}
 r - 2 potions of cancellation {unknown}
 s - 2 potions of flight
 z - 2 potions of invisibility {unknown}
 G - 2 potions of haste {unknown}
 I - 2 potions of attraction {unknown}


   Skills:
 - Level 3.6 Fighting
 + Level 13.2 Long Blades
 - Level 2.4 Armour
 - Level 2.1 Dodging


You had 7 spell levels left.
You didn't know any spells.
Your spell library was empty.

Dungeon Overview and Level Annotations

Branches:
Dungeon (7/15)             Temple (0/1) D:7

Altars:
Gozag
Makhleb
Ru
Trog
Xom
The Shining One

Shops:
D:6 (


Innate Abilities, Weirdness & Mutations

You reflexively headbutt those who attack you in melee.
You have a pair of horns on your head.


Message History

You headbutt the orc wizard, but do no damage.
You slash the orc wizard!
You feel better.
You kill the orc wizard!
Trog accepts your kill.
Trog appreciates your killing of a magic user.
The gnoll hits you but does no damage. The adder skeleton barely misses you.
You hit the adder skeleton. You headbutt the adder skeleton!
You destroy the adder skeleton!
Trog accepts your kill.
The gnoll hits you from afar with a +0 halberd.
The gnoll hits you from afar with a +0 halberd!
* * * LOW HITPOINT WARNING * * *
The gnoll hits you with a +0 halberd.
* * * LOW HITPOINT WARNING * * *
Things that are here:
a +0 dagger; a +0 robe; an orc corpse You closely miss the gnoll.
Your headbutt misses the gnoll.
You feel the effects of Trog's Hand fading.
The gnoll hits you from afar with a +0 halberd.
You die...

###.
##..##.>......# ##
. #...#........#
#...#..#........#
..............###.#
#####....#.##.# #.#
###.....).# #.#
#..#.#..###.#
#....gg.....#
##.#.#.@###.# #....
........# #.#
.....####.##.# #.#
#..# #.##.###.#####
#..# #.##.........#
#..# #..###.###.#
#..######.#.## #.#
#.........#.# #.#
#####...#######.#
#.#


You could see 2 gnolls.

Vanquished Creatures
  An orc warrior (D:7)
  A phantom (D:5)
  3 ogres
  2 centaurs (D:6)
  3 bullfrogs
  A wyvern zombie (D:7)
  A scorpion (D:4)
  2 howler monkeys
  A crimson imp (D:4)
  A hound (D:7)
  2 orc priests
  A gnoll shaman (D:7)
  A centaur skeleton (D:5)
  Natasha (thrice) (D:3)
  An iguana (D:5)
  3 orc wizards
  Ijyb (D:3)
  A worker ant (D:6)
  A hound zombie (D:7)
  A howler monkey zombie (D:5)
  Robin (D:3)
  7 adders
  4 gnolls
  A shadow imp (D:6)
  An ooze (D:3)
  An adder skeleton (D:7)
  5 worms
  4 dart slugs
  4 leopard geckos
  5 orcs
  5 bats
  4 giant cockroaches
  10 hobgoblins
  10 jackals
  4 quokkas
  3 frilled lizards
  17 goblins
  A jackal skeleton (D:7)
  6 kobolds
  A leopard gecko skeleton (D:6)
  9 rats
134 creatures vanquished.

Vanquished Creatures (others)
  A fungus (D:1)
  5 toadstools (D:1)
6 creatures vanquished.

Grand Total: 140 creatures vanquished

Notes
Turn   | Place    | Note
-------+----------+-------------------------------------------
     0 | D:1      | chimba the Minotaur Berserker began the quest for the Orb.
     0 | D:1      | Reached XP level 1. HP: 19/19 MP: 0/0
   290 | D:1      | Reached skill level 4 in Long Blades
   482 | D:1      | Reached XP level 2. HP: 13/26 MP: 1/1
  1430 | D:2      | Reached skill level 5 in Long Blades
  1504 | D:2      | Found a glowing golden altar of the Shining One.
  1514 | D:2      | Found a bloodstained altar of Trog.
  1584 | D:2      | Reached XP level 3. HP: 31/31 MP: 2/2
  2353 | D:2      | Reached skill level 6 in Long Blades
  2353 | D:2      | Reached XP level 4. HP: 37/39 MP: 3/3
  2372 | D:2      | Reached ** piety under Trog
  2514 | D:3      | Noticed Natasha
  2524 | D:3      | Killed Natasha
  2788 | D:3      | Noticed Robin
  2806 | D:3      | Killed Robin
  2811 | D:3      | Reached XP level 5. HP: 45/45 MP: 4/4
  2822 | D:3      | Noticed Natasha
  2825 | D:3      | Reached skill level 7 in Long Blades
  2828 | D:3      | Killed Natasha
  3056 | D:3      | Noticed Ijyb
  3057 | D:3      | Noticed Natasha
  3066 | D:3      | Killed Ijyb
  3069 | D:3      | Killed Natasha
  3132 | D:3      | Found a sacrificial altar of Ru.
  3399 | D:4      | Reached skill level 8 in Long Blades
  3410 | D:4      | Reached *** piety under Trog
  3510 | D:4      | Reached XP level 6. HP: 41/51 MP: 5/5
  3569 | D:4      | Found an opulent altar of Gozag.
  3822 | D:4      | Found a burning altar of Makhleb.
  3835 | D:4      | Found a shimmering altar of Xom.
  3839 | D:5      | Entered Level 5 of the Dungeon
  4008 | D:5      | Reached skill level 9 in Long Blades
  4144 | D:5      | Reached XP level 7. HP: 57/57 MP: 6/6
  4164 | D:5      | Reached skill level 10 in Long Blades
  4815 | D:6      | Reached skill level 11 in Long Blades
  4877 | D:6      | Reached XP level 8. HP: 28/64 MP: 7/7
  5209 | D:6      | Reached skill level 12 in Long Blades
  5291 | D:6      | Found Latouttotu's Antique Weapon Shop.
  5299 | D:6      | Bought a glowing falchion for 162 gold pieces
  5723 | D:7      | Found a staircase to the Ecumenical Temple.
  5779 | D:7      | Reached **** piety under Trog
  5798 | D:7      | Reached skill level 13 in Long Blades
  5816 | D:7      | Slain by a gnoll

Illustrated notes

Levels and vault maps discovered:
D:1:      co_arrival_random_square_maze, layout_basic, minmay_gold_behind_fungi
D:2:      minmay_wonky_spiral, layout_basic, nicolae_overflow_hidden_temple,
          lemuel_crystal_altar, hangedman_decor_slide_cut, minmay_cut_off
D:3:      layout_loops_ring, grunt_ministairs_6,
          nicolae_ru_sacrificial_ziggurat, uniq_natasha, uniq_ijyb, uniq_robin
D:4:      kennysheep_the_goblin_king, layout_rooms,
          grunt_temple_overflow_champion_of_chaos,
          nicolae_overflow_crystal_walls
D:5:      layout_basic
D:6:      layout_gridville, serial_shops, shop_fountains
D:7:      layout_loops_ring, minmay_temple_entry_wispy

Skill      XL: |  1  2  3  4  5  6  7  8 |
---------------+-------------------------+-----
Long Blades    | 4 5 6 8 9 11 13 | 13.2
Fighting       | |  3.6
Armour         | |  2.4
Dodging        | |  2.1

Action                   |  1- 3 |  4- 6 |  7- 9 || total
-------------------------+-------+-------+-------++-------
Melee: Falchion          |    75 |     4 |    49 ||   128
       Headbutt          |    12 |    28 |    32 ||    72
       Long sword        |       |   128 |    66 ||   194
Invok: Berserk           |       |     2 |     1 ||     3
       Trog's Hand       |       |     1 |     3 ||     4
  Use: Scroll            |       |    16 |     1 ||    17
Armor: Animal skin       |     3 |       |       ||     3
       Leather armour    |     6 |       |       ||     6
       Ring mail         |    11 |     6 |    13 ||    30
       Plate armour      |     4 |    57 |    76 ||   137
Dodge: Dodged            |    42 |    51 |    67 ||   160
       Rpst.: Falchion   |    12 |       |    14 ||    26
       Long sword        |       |    10 |     6 ||    16

Table legend: (Time is in decaauts)
 A = Elapsed time spent in this place.
 B = Non-inter-level travel time spent in this place.
 C = Inter-level travel time spent in this place.
 D = Time resting spent in this place.
 E = Time spent auto-exploring this place.
 F = Levels seen in this place.
 G = Mean time per level.
                   A        B        C        D        E       F      G
               +--------+--------+--------+--------+--------+-----+--------+
         Total |   5828 |   5643 |    185 |    257 |   4342 |   7 |  832.6 |
       Dungeon |   5828 |   5643 |    185 |    257 |   4342 |   7 |  832.6 |
               +--------+--------+--------+--------+--------+-----+--------+

Top non-repeatable levels by time:
     D:1: 1361 daAuts
     D:2: 1100 daAuts
     D:3: 959 daAuts
     D:5: 924 daAuts
     D:6: 880 daAuts
     D:4: 449 daAuts
     D:7: 152 daAuts
